 Dungeon Crawl Stone Soup version 0.29.1-1-gd02db6906a (webtiles) character file.

Game seed: 17023338913982750226

102 Icepheonix32 the Shield-Bearer (level 4, 0/29 HPs)
             Began as a Gargoyle Fighter on Sept 22, 2022.
             Slain by a gnoll
             ... wielding a +0 flail
              (4 damage)
             ... on level 3 of the Dungeon.
             The game lasted 00:02:45 (1908 turns).

Icepheonix32 the Shield-Bearer (Gargoyle Fighter)   Turns: 1908, Time: 00:02:46

Health: 0/29       AC: 10    Str: 20    XL:     4   Next: 78%
Magic:  2/4        EV:  9    Int: 10    God:
Gold:   113        SH:  5    Dex: 15    Spells: 2/3 levels left

rFire   . . .      SeeInvis .   q - +3 whip
rCold   . . .      Faith    .   c - +0 buckler
rNeg    + . .      Spirit   .   b - +0 scale mail
rPois   ∞          Reflect  .   (no helmet)
rElec   +          Harm     .   (no cloak)
rCorr   .          Rampage  .   (no gloves)
Will    .....                   (no boots)
Stlth   ..........              (no amulet)
HPRegen 0.09/turn               f - +6 ring of dexterity
MPRegen 0.09/turn               (no ring)

@: very slightly contaminated
A: sickness immunity, AC +3, negative energy resistance 1, electricity
resistance, torment resistance 1, petrification resistance
a: no special abilities


You were on level 3 of the Dungeon.
You visited 1 branch of the dungeon, and saw 3 of its levels.

You collected 113 gold pieces.

Inventory:

Hand Weapons
 a - a +0 trident
 q - a +3 whip (weapon)
Missiles
 j - 4 stones
Armour
 b - a +0 scale mail (worn)
 c - a +0 buckler (worn)
Jewellery
 f - a +6 ring of dexterity (left hand)
Scrolls
 e - 3 scrolls of teleportation {unknown}
 h - a scroll of vulnerability {unknown}
 k - 3 scrolls of identify {unknown}
 n - a scroll of silence {unknown}
Potions
 d - a potion of might
 g - 3 potions of lignification {unknown}
 i - a potion of invisibility {unknown}
 m - 2 potions of curing {unknown}
 o - 2 potions of magic {unknown}
 p - a potion of brilliance {unknown}


   Skills:
 + Level 3.7 Fighting
 - Level 2.4(2.6) Axes
 + Level 1.2(2.1) Maces & Flails
 + Level 3.9 Armour
 + Level 0.3 Dodging
 + Level 4.0 Shields
 + Level 0.2 Spellcasting
 * Level 0.6 Earth Magic


You had 2 spell levels left.
You knew the following spells:

 Your Spells              Type           Power      Damage    Failure   Level
a - Sandblast             Erth           2%         2d4       71%         1

Your spell library contained the following spells:

 Spells                   Type           Power      Damage    Failure   Level
 Passwall                 Tmut/Erth      0%         N/A       88%         2
 Stone Arrow              Conj/Erth      0%         3d7       98%         3


Dungeon Overview and Level Annotations

Branches:
Dungeon (3/15)

Altars:


Innate Abilities, Weirdness & Mutations

You are immune to sickness and miasma.
Your stone body is resilient. (AC +3)
You are immune to poison.
You resist negative energy. (rN+)
You are resistant to electric shocks. (rElec)
You are resistant to unholy torment.
You are immune to petrification.


Message History

Unknown command.
A gnoll comes into view. It is wielding a +0 whip.
The gnoll shouts!
You hear a shout!
The blast of sand hits the rat.
You kill the rat!
A gnoll comes into view.
It is wielding a +0 spear. 2 gnolls come into view.
The gnoll shouts! x2
You miscast Sandblast.
You are very lightly contaminated with residual magic.
Nothing appears to happen.
You miscast Sandblast.
Nothing appears to happen.
You hit the gnoll.
The gnoll is moderately wounded.
You hit the gnoll.
The gnoll is heavily wounded.
The gnoll throws a throwing net.
The throwing net barely misses you. The gnoll hits you with a +0 whip.
You are too injured to fight recklessly!
You are too injured to fight recklessly!
You are too injured to fight recklessly!
Unknown command.
You hit the gnoll.
You kill the gnoll!
The gnoll hits you but does no damage.
Your Shields skill increases to level 4!
You hit the gnoll.
The gnoll is lightly wounded.
The gnoll barely misses you. x2
You hit the gnoll but do no damage.
The gnoll is lightly wounded.
The gnoll hits you from afar with a +0 spear.
You hit the gnoll.
The gnoll is moderately wounded.
The gnoll closely misses you. The gnoll hits you but does no damage.
The gnoll hits you with a +0 flail.
* * * LOW HITPOINT WARNING * * *
Unknown command.
The gnoll closely misses you. x2; The gnoll hits you with a +0 flail.
You die...

###
#........†..#....
#........<..#.#..
#######.....#.#
#.#...#.# #
###+#+#.).#.#
#...^.(.†...##.
+...............
#....g.########.
#....g@# #.....g#
..(......
..........
...........
...........#
...........#
###.########


You could see 3 gnolls.

Vanquished Creatures
  An orc priest (D:3)
  A gnoll (D:3)
  3 worms (D:2)
  3 orcs (D:3)
  6 endoplasms
  3 giant cockroaches
  A goblin (D:1)
  2 hobgoblins (D:2)
  2 jackals (D:1)
  3 kobolds
  A quokka (D:1)
  8 ball pythons
  8 bats
  5 frilled lizards
  A rat (D:3)
48 creatures vanquished.

Notes
Turn   | Place    | Note
-------+----------+-------------------------------------------
     0 | D:1      | Icepheonix32 the Gargoyle Fighter began the quest for the
                  | Orb.
     0 | D:1      | Reached XP level 1. HP: 14/14 MP: 1/1
   104 | D:1      | Reached XP level 2. HP: 19/19 MP: 2/2
   535 | D:1      | Found a faded altar of an unknown god.
   546 | D:1      | Reached XP level 3. HP: 13/23 MP: 3/3
  1695 | D:2      | Learned a level 1 spell: Sandblast
  1798 | D:3      | Reached XP level 4. HP: 29/29 MP: 2/4
  1848 | D:3      | Reached skill level 1 in Maces & Flails
  1905 | D:3      | Reached skill level 4 in Shields
  1908 | D:3      | Slain by a gnoll

Illustrated notes

Levels and vault maps discovered:
D:1:      ncdulo_lavacross, layout_loops_ring, nicolae_ecumenical_snake_handling
D:2:      layout_rooms
D:3:      layout_basic, minmay_misc_feat_alley

Skill      XL: |  1  2  3  4 |
---------------+-------------+-----
Axes           | 2 |  2.4
Maces & Flails | 1 |  1.2
Shields        | 4 |  4.0
Fighting       | |  3.7
Armour         | |  3.9
Dodging        | |  0.3
Spellcasting   | |  0.2
Earth Magic    | |  0.6

Action                   |  1- 3 |  4- 6 || total
-------------------------+-------+-------++-------
Melee: War axe           |    68 |       ||    68
       Mace              |    52 |     9 ||    61
       Whip              |       |     6 ||     6
Throw: Stone             |     6 |       ||     6
 Cast: Sandblast         |     1 |     1 ||     2
Armor: Scale mail        |    57 |     5 ||    62
Dodge: Dodged            |    64 |    11 ||    75
Block: Buckler           |    29 |     1 ||    30
